 Dungeon Crawl Stone Soup version 0.28-b1-1-g3c77fb2ed1 (webtiles) character file.

Game seed: 4644864873855959361

922 crazypyro the Cleaver (level 7, 0/54 (60) HPs)
             Began as a Minotaur Fighter on Jan 29, 2022.
             Was an Initiate of Gozag.
             Slain by a wight (1 damage)
             ... on level 7 of the Dungeon.
             The game lasted 00:05:37 (4469 turns).

crazypyro the Cleaver (Minotaur Fighter)            Turns: 4469, Time: 00:05:37

HP:   0/54 (60)     AC: 12    Str: 23    XL:     7   Next: 84%
MP:   6/6           EV:  6    Int:  5    God:    Gozag
Gold: 308           SH:  4    Dex:  9    Spells: 6/6 levels left

rFire   . . .      SeeInvis .   a - +0 war axe
rCold   . . .      Faith    .   c - +0 buckler
rNeg    . . .      Spirit   .   p - +0 plate armour
rPois   .          Reflect  .   (helmet restricted)
rElec   .          Harm     .   (no cloak)
rCorr   .          Rampage  .   (no gloves)
Will    .....                   (no boots)
Stlth   ..........              (no amulet)
HPRegen 0.18/turn               (no ring)
MPRegen 0.10/turn               (no ring)

@: mighty, gold aura, heavily drained
A: horns 2, retaliatory headbutt
a: Renounce Religion, Potion Petition, Call Merchant, Bribe Branch


You were on level 7 of the Dungeon.
You worshipped Gozag.
Gozag was aware of your devotion.
You visited 1 branch of the dungeon, and saw 6 of its levels.

You collected 336 gold pieces.
You paid 28 gold pieces to Gozag.

Inventory:

Hand Weapons
 a - a +0 war axe (weapon)
 j - a +0 hand axe
Armour
 b - a +1 scale mail
 c - a +0 buckler (worn)
 p - a +0 plate armour (worn)
Wands
 e - a wand of charming (5)
Scrolls
 k - 2 scrolls of teleportation
 l - a scroll of enchant weapon {unknown}
 o - a scroll of magic mapping
 q - a scroll of fog {unknown}
Potions
 d - a potion of might
 f - a potion of resistance
 g - a potion of degeneration {unknown}
 h - 2 potions of curing
 i - a potion of magic {unknown}
 m - 2 potions of lignification {unknown}
 n - a potion of flight {unknown}


   Skills:
 + Level 4.6 Fighting
 - Level 9.4 Axes
 + Level 4.6 Armour
 + Level 2.1 Dodging
 + Level 4.6 Shields


You had 6 spell levels left.
You didn't know any spells.
Your spell library contained the following spells:

 Spells                   Type           Power      Damage    Failure   Level
 Slow                     Hex            0%         N/A       100%        1
 Confusing Touch          Hex            0%         N/A       100%        3
 Vampiric Draining        Necr           0%         2d6       100%        3


Dungeon Overview and Level Annotations

Branches:
Dungeon (7/15)             Temple (0/1) D:6

Altars:
Elyvilon
Gozag
Hepliaklqana
Makhleb

Annotations:
D:7 Pikel


Innate Abilities, Weirdness & Mutations

You have a pair of horns on your head.
You reflexively headbutt those who attack you in melee.


Message History

The wight hits you with a +4 battleaxe.
You feel drained.
You slash the wight!
You destroy the wight!
The lemure is no longer distracted by gold.
The wight is distracted by your dazzling golden aura.
You closely miss the lemure. The lemure barely misses you.
You block the wight's attack.
You hit the lemure. You headbutt the lemure.
The lemure is moderately wounded.
The wight is no longer distracted by gold.
The lemure hits you but does no damage. The wight hits you but does no damage.
You slash the lemure!
The lemure is severely wounded.
The lemure hits you but does no damage.
The wight hits you from afar with a +3 halberd!
* * * LOW HITPOINT WARNING * * *
You feel drained.
* * * LOW HITPOINT WARNING * * *
You feel very mighty all of a sudden. The lemure hits you but does no damage.
The wight is distracted by your dazzling golden aura.
You slash the lemure!
You kill the lemure!
That felt strangely unrewarding.
The wight is no longer distracted by gold.
The wight barely misses you. The wight hits you with a +3 halberd.
* * * LOW HITPOINT WARNING * * *
You block the wight's attack.
Items here: $ )) [[.
You closely miss the wight. You slash the wight!
The wight hits you with a +3 halberd.
* * * LOW HITPOINT WARNING * * *
The wight hits you but does no damage.
You barely miss the wight. You closely miss the wight.
The wight hits you with a +3 halberd.
* * * LOW HITPOINT WARNING * * *
You feel drained.
You die...
Your body crumbles into a pile of gold.

. ..........##..... #.
#.#.......#.....
.#.##...#...........
.......?...............
...#...#.##.....#.....
..#.#...##<...## ....
...##.<.##..## ..>
#..###...zz.# ..
#..#.....#@## . ###
#..#.#.#.#.# ≈≈≈
#....#.#.#.# ..≈
#...##.#.#..
..≈####...##.#.#...
≈..'.##...##.#......
≈..'.......#.........
⌠.≈##.................
..≈##..................


You could see 2 wights.

Vanquished Creatures
  Grinder (D:3)
  Sigmund (D:2)
  A sky beast (D:7)
  A lemure (D:7)
  A bullfrog (D:7)
  A wyvern skeleton (D:7)
  2 wights (D:7)
  An orc priest (D:4)
  Natasha (twice) (D:4)
  An orc wizard (D:4)
  An iguana (D:4)
  4 adders
  2 worms (D:3)
  3 dart slugs (D:1)
  7 orcs
  10 ball pythons
  8 endoplasms
  3 giant cockroaches
  6 goblins
  12 hobgoblins
  6 jackals
  3 quokkas
  7 bats
  6 frilled lizards
  5 kobolds
  3 rats
98 creatures vanquished.

Vanquished Creatures (others)
  A plant (D:3)
1 creature vanquished.

Grand Total: 99 creatures vanquished

Notes
Turn   | Place    | Note
-------+----------+-------------------------------------------
     0 | D:1      | crazypyro the Minotaur Fighter began the quest for the Orb.
     0 | D:1      | Reached XP level 1. HP: 19/19 MP: 0/0
    85 | D:1      | Found a faded altar of an unknown god.
    89 | D:1      | Prayed at the altar of an unknown god.
    89 | D:1      | Became a worshipper of Elyvilon the Healer
    89 | D:1      | Reached * piety under Elyvilon
   122 | D:1      | Reached skill level 3 in Axes
   126 | D:1      | Reached XP level 2. HP: 26/26 MP: 1/1
   391 | D:1      | Reached skill level 4 in Axes
   527 | D:1      | Reached XP level 3. HP: 31/31 MP: 2/2
   575 | D:1      | Reached ** piety under Elyvilon
  1041 | D:2      | Reached skill level 5 in Axes
  1487 | D:2      | Reached XP level 4. HP: 36/39 MP: 3/3
  1651 | D:2      | Noticed Sigmund
  1666 | D:2      | Killed Sigmund
  1667 | D:2      | Reached skill level 7 in Axes
  1667 | D:2      | Reached XP level 5. HP: 9/45 MP: 4/4
  2082 | D:2      | Reached *** piety under Elyvilon
  2496 | D:3      | Noticed Grinder
  2507 | D:3      | Killed Grinder
  2508 | D:3      | Reached skill level 8 in Axes
  2508 | D:3      | Reached XP level 6. HP: 7/51 MP: 5/5
  3125 | D:3      | Found a faded altar of an unknown god.
  3125 | D:3      | Found a faded altar of an unknown god.
  3127 | D:3      | Found a hazy altar of Hepliaklqana.
  3306 | D:3      | Found an opulent altar of Gozag.
  3317 | D:3      | Fell from the grace of Elyvilon
  3317 | D:3      | Became a worshipper of Gozag Ym Sagoz the Greedy
  3324 | D:3      | Reached skill level 9 in Axes
  3877 | D:4      | Found a burning altar of Makhleb.
  3879 | D:4      | Noticed Natasha
  3886 | D:4      | Killed Natasha
  3887 | D:4      | Reached XP level 7. HP: 51/57 MP: 6/6
  4179 | D:4      | Noticed Natasha
  4186 | D:4      | Killed Natasha
  4248 | D:4      | You fall into a shaft and drop 3 floors!
  4265 | D:7      | Reached skill level 1 in Dodging
  4344 | D:7      | Noticed Pikel
  4352 | D:6      | Found a staircase to the Ecumenical Temple.
  4469 | D:7      | HP: 1/55 [wight (3)]
  4469 | D:7      | Slain by a wight

Illustrated notes

Levels and vault maps discovered:
D:1:      psy_arrival_radial02, layout_basic,
          hellmonk_ecumenical_altar_lost_god, glass_columns_a
D:2:      layout_basic, minmay_misc_feat_plants, minmay_tromino_v7, uniq_sigmund
D:3:      layout_loops_cross, nicolae_hepliaklqana_ecumenical_no_more,
          mainiacjoe_overflow_small_starburst, kennysheep_generic_room_2,
          uniq_grinder
D:4:      layout_loops_ring, bloody_makhleb, uniq_natasha
D:6:      layout_gridville, minmay_temple_entry_from_below_b
D:7:      layout_rooms, lemuel_crystal_altar, nicolae_ossuary_entry_plus,
          serial_glass, glass_columns_a, glass_columns_b, minmay_misc_feat_five,
          kennysheep_generic_room_7, uniq_pikel

Skill      XL: |  1  2  3  4  5  6  7 |
---------------+----------------------+-----
Axes           | 3 4 5 7 8 9 |  9.4
Fighting       | 4 |  4.6
Armour         | 4 |  4.6
Dodging        | 2 |  2.1
Shields        | 4 |  4.6

Action                   |  1- 3 |  4- 6 |  7- 9 || total
-------------------------+-------+-------+-------++-------
Melee: War axe           |    94 |    70 |    82 ||   246
       Headbutt          |    11 |    11 |     9 ||    31
  Use: Scroll            |     1 |     6 |       ||     7
       Potion            |       |     1 |     1 ||     2
 Stab: Distracted        |       |       |     1 ||     1
Armor: Scale mail        |    38 |    21 |    15 ||    74
       Plate armour      |       |       |    24 ||    24
Dodge: Dodged            |    46 |    27 |    24 ||    97
Block: Buckler           |    27 |    10 |     7 ||    44
